 Dungeon Sprint DCSS version 0.28-a0-479-g5baa6b73be (webtiles) character file.

Game seed: 11469926498055070260

271 boopmooplesden the Protected (level 6, -8/61 HPs)
             Began as a Minotaur Fighter on Sept 18, 2021.
             Was an Initiate of Okawaru.
             Mangled by a gargoyle (14 damage)
             ... in the Dungeon (Sprint IX: "|||||||||||||||||||||||||||||").
             The game lasted 00:01:17 (433 turns).

boopmooplesden the Protected (Minotaur Fighter)      Turns: 433, Time: 00:01:18

Health: -8/61      AC: 14    Str: 25    XL:     6   Next: 2%
Magic:  0/5        EV:  9    Int:  5    God:    Okawaru [......]
Gold:   0          SH:  6    Dex: 13    Spells: 5/5 levels left

rFire   . . .      SeeInvis .   n - +3 war axe (vorpal)
rCold   . . .      Faith    .   c - +0 buckler
rNeg    . . .      Spirit   .   s - +1 chain mail
rPois   .          Reflect  .   (helmet restricted)
rElec   .          Harm     .   r - +0 cloak
rCorr   .          Rampage  .   (no gloves)
Will    .....      NoTele   +   q - +0 pair of boots
Stlth   ..........              (no amulet)
HPRegen 0.20/turn               t - +3 ring of strength
MPRegen 0.09/turn               u - +3 ring of dexterity

@: mighty
A: horns 2, retaliatory headbutt
a: Renounce Religion


You were in the Dungeon.
You worshipped Okawaru.
Okawaru was noncommittal.
You visited 1 branch

Inventory:

Hand Weapons
 a - a +0 war axe
 n - a +3 vorpal war axe (weapon)
 o - a +2 rapier of venom
 p - a +2 scimitar of flaming
Armour
 b - a +0 scale mail
 c - a +0 buckler (worn)
 q - a +0 pair of boots (worn)
 r - a +0 cloak (worn)
 s - a +1 chain mail (worn)
Jewellery
 t - a +3 ring of strength (left hand)
 u - a +3 ring of dexterity (right hand)
Wands
 m - a wand of acid (10)
Scrolls
 j - 2 scrolls of blinking
 l - 2 scrolls of amnesia
Potions
 e - 5 potions of curing
 f - a potion of invisibility
 g - a potion of haste
 h - 4 potions of magic
 i - a potion of berserk rage
 k - 2 potions of heal wounds


   Skills:
 + Level 8.1 Fighting
 + Level 7.8 Axes
 + Level 8.4 Armour
 + Level 2.5 Dodging
 + Level 7.9 Shields


You had 5 spell levels left.
You didn't know any spells.
Your spell library was empty.

Dungeon Overview and Level Annotations

Branches:
Dungeon (1/1)

Altars:
Cheibriados
Dithmenos
Elyvilon
Fedhas
Gozag
Hepliaklqana
Kikubaaqudgha
Makhleb
Nemelex Xobeh
Okawaru
Qazlal
Ru
Sif Muna
Trog
Uskayaw
Vehumet
Wu Jian
Xom
Yredelemnul
Zin
The Shining One
Beogh
Jiyva
Lugonu


Innate Abilities, Weirdness & Mutations

You have a pair of horns on your head.
You reflexively headbutt those who attack you in melee.


Message History

The orc warrior shouts! x2; The troll shouts!
The steam dragon hisses angrily.
The steam dragon breathes steam at you. The ball of steam hits you.
Your chain mail prevents you from hitting the steam dragon.
You are engulfed in a cloud of scalding steam.
The steam dragon bites you but does no damage.
The steam dragon completely misses you.
You hit the steam dragon. You headbutt the steam dragon.
The steam dragon is moderately wounded.
You are engulfed in a cloud of scalding steam.
You block the steam dragon's attack. The steam dragon closely misses you.
You hit the steam dragon. You headbutt the steam dragon!
The steam dragon is severely wounded.
You are engulfed in a cloud of scalding steam.
The steam dragon breathes steam at you. The ball of steam hits you.
You closely miss the steam dragon.
The steam dragon is severely wounded.
The steam dragon bites you. You block the steam dragon's attack.
You slash the steam dragon!
You kill the steam dragon!
Okawaru is honoured by your kill.
Your Fighting skill gained 2 levels and is now at level 8!
Your Axes skill increases to level 7!
Your Armour skill increases to level 8!
Your Dodging skill increases to level 2!
Your Shields skill increases to level 7!
You have reached level 5!
You have reached level 6!
Your experience leads to an increase in your attributes!
Your base attributes are Str 21, Int 5, Dex 10.
Increase (S)trength, (I)ntelligence, or (D)exterity?
You feel stronger.
You feel very mighty all of a sudden.
The gargoyle hits you with a +1 antimagic flail!!
* * * LOW HITPOINT WARNING * * *
You feel your power leaking away.
You barely miss the gargoyle. You headbutt the gargoyle.
The gargoyle is lightly damaged.
The gargoyle hits you with a +1 antimagic flail!
You die... ▓▓▓▓▓▓▓▓▓▓▓▓▓▓▓▓▓▓▓▓▓▓▓▓ ..ZooT9@§....)..'_______ ▓▓▓▓▓▓▓▓▓▓▓▓▓▓▓▓▓▓▓▓▓▓▓▓

You could see a troll, 2 orc warriors, a gargoyle and a bat zombie.

Vanquished Creatures
  A steam dragon (D)
  An ice beast (D)
  A hound (D)
  An adder (D)
  An orc (D)
  A bat skeleton (D)
  A giant cockroach (D)
  A hobgoblin (D)
  3 rats (D)
11 creatures vanquished.

Notes
Turn   | Place    | Note
-------+----------+-------------------------------------------
     0 | D        | boopmooplesden the Minotaur Fighter began the quest for the
                  | Orb.
     0 | D        | Reached XP level 1. HP: 19/19 MP: 0/0
   217 | D        | Noticed an ice beast
   217 | D        | Noticed a hound
   224 | D        | Reached XP level 2. HP: 12/28 MP: 1/1
   235 | D        | Reached skill level 5 in Fighting
   235 | D        | Reached skill level 5 in Armour
   235 | D        | Reached skill level 5 in Shields
   235 | D        | Reached XP level 3. HP: 5/36 MP: 2/2
   243 | D        | Killed an ice beast
   244 | D        | Reached skill level 1 in Dodging
   244 | D        | Reached XP level 4. HP: 37/45 MP: 3/3
   251 | D        | Found a snail-covered altar of Cheibriados.
   251 | D        | Found a shadowy altar of Dithmenos.
   251 | D        | Found a white marble altar of Elyvilon.
   251 | D        | Found a blossoming altar of Fedhas.
   251 | D        | Found an opulent altar of Gozag.
   252 | D        | Found a hazy altar of Hepliaklqana.
   253 | D        | Found a viscous altar of Jiyva.
   254 | D        | Found an ancient bone altar of Kikubaaqudgha.
   255 | D        | Found a corrupted altar of Lugonu.
   256 | D        | Found a burning altar of Makhleb.
   257 | D        | Found a sparkling altar of Nemelex Xobeh.
   258 | D        | Found an iron altar of Okawaru.
   259 | D        | Found a stormy altar of Qazlal.
   260 | D        | Found a sacrificial altar of Ru.
   261 | D        | Found a shimmering blue altar of Sif Muna.
   262 | D        | Found a bloodstained altar of Trog.
   263 | D        | Found a hide-covered altar of Uskayaw.
   264 | D        | Found a radiant altar of Vehumet.
   265 | D        | Found an ornate altar of the Wu Jian Council.
   266 | D        | Became a worshipper of Warmaster Okawaru
   267 | D        | Found a shimmering altar of Xom.
   268 | D        | Found a basalt altar of Yredelemnul.
   269 | D        | Found a glowing silver altar of Zin.
   270 | D        | Found a glowing golden altar of the Shining One.
   426 | D        | Noticed an orc warrior
   426 | D        | Noticed an orc warrior
   426 | D        | Noticed a troll
   426 | D        | Noticed a gargoyle
   426 | D        | Noticed a steam dragon
   431 | D        | Killed a steam dragon
   432 | D        | Reached XP level 5. HP: 22/53 MP: 4/4
   432 | D        | Reached XP level 6. HP: 25/61 MP: 5/5
   433 | D        | Mangled by a gargoyle

Illustrated notes

Levels and vault maps discovered:
D:        linesprint [early_d, line_temple, items_1, d_10, items_2, lair_1,
          lair_end, items_3, orc_1, orc_end, items_4, d_15, swamp_1, shoals_1,
          snake_1, spider_1, d_20, vaults_1, items_5, swamp_end, shoals_end,
          snake_end, spider_end, vaults_end, d_27, items_6, zot_1, zot_end,
          crypt_end, forest_end, elf_end, slime_end, tomb_end, abyss_end,
          pan_hell_end]

Skill      XL: |  1  2  3  4 |
---------------+-------------+-----
Fighting       | 4 5 6 8 |  8.1
Armour         | 4 5 7 8 |  8.4
Shields        | 4 5 6 7 |  7.9
Axes           | 3 4 6 7 |  7.8
Dodging        | 1 2 |  2.5

Action                   |  1- 3 |  4- 6 || total
-------------------------+-------+-------++-------
Melee: War axe           |    32 |     7 ||    39
       Headbutt          |     5 |     3 ||     8
  Use: Potion            |     1 |     1 ||     2
Armor: Scale mail        |    13 |       ||    13
       Chain mail        |       |     2 ||     2
Dodge: Dodged            |    19 |     2 ||    21
Block: Buckler           |     9 |     2 ||    11

Table legend: (Time is in decaauts)
 A = Elapsed time spent in this place.
 B = Non-inter-level travel time spent in this place.
 C = Inter-level travel time spent in this place.
 D = Time resting spent in this place.
 E = Time spent auto-exploring this place.
 F = Levels seen in this place.
 G = Mean time per level.
                   A        B        C        D        E       F      G
               +--------+--------+--------+--------+--------+-----+--------+
         Total |    442 |    442 |      0 |    300 |      0 |   1 |  442.0 |
       Dungeon |    442 |    442 |      0 |    300 |      0 |   1 |  442.0 |
               +--------+--------+--------+--------+--------+-----+--------+

Top non-repeatable levels by time:
       D: 442 daAuts
